 Dungeon Crawl Stone Soup version 0.17.0-28-g6e173f8 (webtiles) character file.

2824 dorian the Frost Mage (level 9, 0/51 HPs)
             Began as an Octopode Ice Elementalist on Nov 27, 2015.
             Was a Follower of Vehumet.
             Slain by Gastronok (32 damage)
             ... on level 8 of the Dungeon.
             The game lasted 00:18:43 (8981 turns).

dorian the Frost Mage (Octopode Ice Elementalist)   Turns: 8981, Time: 00:18:44

Health: 0/51       AC:  6    Str: 12    XL:     9   Next: 73%
Magic:  7/12       EV: 12    Int: 21    God:    Vehumet [*.....]
Gold:   280        SH:  0    Dex: 12    Spells: 3 memorised, 4 levels left

rFire  . . .     SeeInvis .     t - +5 quarterstaff (protect)
rCold  . . .     Clarity  +     (shield currently unavailable)
rNeg   . . .     SustAt   .     (helmet restricted)
rPois  .         Gourm    .     y - amulet of clarity
rElec  .         Spirit   .     e - ring of flight
rCorr  .         Warding  .     (no ring)
rMut   .         Stasis   .     (no ring)
MR     .....                    (no ring)
Stlth  +++.......               (no ring)
                                (no ring)
                                (no ring)
                                (no ring)

@: mighty, not resistant to hostile enchantments, fairly stealthy
A: almost no armour, amphibious, 8 rings, constrict 8, camouflage 1, gelatinous
body 1
a: Renounce Religion, Evoke Flight


You were on level 8 of the Dungeon.
You worshipped Vehumet.
Vehumet was aware of your devotion.
You were very hungry.

You visited 2 branches of the dungeon, and saw 9 of its levels.

You collected 464 gold pieces.
You spent 184 gold pieces at shops.

Inventory:

Hand Weapons
 t - a +5 quarterstaff of protection (weapon)
Missiles
 g - 22 poisoned needles
Jewellery
 e - a ring of flight (left tentacle)
 y - an amulet of clarity (around mantle)
 J - an uncursed ring of fire
Wands
 n - a wand of random effects (23)
 v - a wand of slowing (26)
 H - a wand of cold (4)
Scrolls
 d - a scroll of teleportation
 f - a scroll of immolation
 h - 4 scrolls of identify
 i - 11 scrolls of remove curse
 j - 2 scrolls of amnesia
 o - a scroll of fog
 w - 2 scrolls of enchant armour
Potions
 l - a potion of degeneration {unknown}
 m - a potion of curing
 u - a potion of agility {unknown}
 z - a potion of cure mutation {unknown}
 A - a potion of heal wounds
 B - a potion of might
 C - a potion of mutation {unknown}
 D - a potion of invisibility {unknown}
Books
 a - a book of Frost

   Spells                             Type                      Level
   a - Freeze                         Ice                          1
   b - Throw Frost                    Conjuration/Ice              2
   c - Ozocubu's Armour               Charms/Ice                   3
   d - Throw Icicle                   Conjuration/Ice              4
   e - Summon Ice Beast               Ice/Summoning                4
   f - Condensation Shield            Ice                          4
 E - a book of the Earth

   Spells                             Type                      Level
   a - Leda's Liquefaction            Hexes/Earth                  4
   b - Bolt of Magma                  Conjuration/Fire/Earth       5
   c - Statue Form                    Transmutation/Earth          6
   d - Iron Shot                      Conjuration/Earth            6
   e - Shatter                        Earth                        9
Comestibles
 b - 3 bread rations
 k - 3 meat rations
 p - a beef jerky
 q - a royal jelly


   Skills:
 - Level 2.0 Dodging
 - Level 2.6 Stealth
 - Level 2.0 Spellcasting
 + Level 8.8 Conjurations
 + Level 10.2 Ice Magic


You had 4 spell levels left.
You knew the following spells:

 Your Spells              Type           Power        Failure   Level  Hunger
a - Freeze                Ice            ####         1%          1    #......
b - Throw Icicle          Conj/Ice       #####...     2%          4    #####..
c - Ozocubu's Armour      Chrm/Ice       ###.....     6%          3    ###....


Dungeon Overview and Level Annotations

Branches:
Dungeon (8/15)             Temple (1/1) D:5
   Lair: D:8-11

Altars:
Ashenzari
Cheibriados
Dithmenos
Elyvilon
Fedhas
Gozag
Kikubaaqudgha
Makhleb
Nemelex Xobeh
Okawaru
Qazlal
Ru
Sif Muna
Trog
Vehumet
Xom
Yredelemnul
Zin
The Shining One

Shops:
D:4 (   D:5 (

Annotations:
D:5 SaintRoka's ghost, amateur HEGl
D:8 Gastronok


Innate Abilities, Weirdness & Mutations

You cannot wear most types of armour.
You are amphibious.
You can wear up to eight rings at the same time.
You can use your tentacles to constrict eight enemies at once.
Your skin changes colour to match your surroundings (Stealth).
Your rubbery body absorbs attacks (AC +1).


Message History

You freeze Gastronok.
Gastronok is heavily wounded.
Gastronok bites you!!
Casting: Freeze
Confirm with . or Enter, or press ? or * to list all spells.
Aiming: Freeze
Press: ? - help, Shift-Dir - straight line, f/p - Gastronok
Aim: Gastronok, wearing an embroidered hat (heavily wounded)
You freeze Gastronok.
Gastronok is heavily wounded.
Casting: Freeze
Confirm with . or Enter, or press ? or * to list all spells.
Aiming: Freeze
Press: ? - help, Shift-Dir - straight line, f/p - Gastronok
Aim: Gastronok, wearing an embroidered hat (heavily wounded)
You freeze Gastronok.
Gastronok is heavily wounded.
Gastronok bites you!!
Ouch! That really hurt!
You die...

... .. #.# #####..##+#
#.........####
+............
#.....w...# ..#
####@#.#### #.# ...
#........... #.#
..####.##.#.##### #.#
#.........#.# #.#
####.####+#....#
#.##>..#...[....#..#
.......#........#..###
.......#..........>..#
.......#........####.#


You could see Gastronok.

Vanquished Creatures
  Pikel (D:5)
  Grinder (D:6)
  An ice beast (D:5)
  An orc warrior (D:7)
  A sky beast (D:6)
  3 ogres
  2 phantoms
  5 giant frogs
  A centaur (D:5)
  A wyvern skeleton (D:6)
  A water moccasin skeleton (D:8)
  A scorpion (D:4)
  4 crimson imps
  A giant frog zombie (D:6)
  2 hounds (D:4)
  A centaur skeleton (D:7)
  2 giant frog skeletons
  3 orc priests
  5 orc wizards
  A jelly (D:8)
  5 worker ants
  A hound zombie (D:8)
  A hound skeleton (D:4)
  8 adders
  A shadow imp (D:7)
  4 worms
  An adder skeleton (D:6)
  4 giant geckos
  11 orcs
  A ball python (D:3)
  8 bats
  10 giant cockroaches
  10 goblins
  6 hobgoblins
  4 jackals (D:2)
  4 kobolds
  4 quokkas
  A ball python skeleton (D:5)
  A giant cockroach zombie (D:5)
  A giant gecko skeleton (D:4)
  A giant gecko zombie (D:6)
  6 giant newts
  2 quokka skeletons
  9 rats
142 creatures vanquished.

Vanquished Creatures (others)
  An ogre (D:5)
  A hound (D:5)
  A worker ant (D:5)
  3 adders (D:5)
  A giant cockroach (D:5)
  A rat (D:5)
8 creatures vanquished.

Grand Total: 150 creatures vanquished

Notes
Turn   | Place    | Note
--------------------------------------------------------------
     0 | D:1      | dorian the Octopode Ice Elementalist began the quest for the Orb.
     0 | D:1      | Reached XP level 1. HP: 11/11 MP: 3/3
   144 | D:1      | Reached XP level 2. HP: 13/17 MP: 0/5
   571 | D:1      | Reached skill level 4 in Ice Magic
   739 | D:1      | Reached XP level 3. HP: 19/21 MP: 6/6
  1739 | D:3      | Reached XP level 4. HP: 27/27 MP: 5/7
  1802 | D:3      | Reached skill level 5 in Ice Magic
  2250 | D:3      | Found a sparkling altar of Nemelex Xobeh.
  2515 | D:4      | HP: 1/27 [giant frog skeleton (5)]
  2517 | D:4      | Reached XP level 5. HP: 1/31 MP: 1/8
  2583 | D:4      | Learned a level 4 spell: Throw Icicle
  2587 | D:4      | Learned a level 3 spell: Ozocubu's Armour
  2982 | D:4      | Reached skill level 6 in Ice Magic
  2982 | D:4      | Reached XP level 6. HP: 29/36 MP: 0/9
  3038 | D:4      | Found Urgholl's Weapon Shoppe.
  3045 | D:4      | Bought a +2 quarterstaff of protection for 184 gold pieces
  3063 | D:4      | Found a shadowy altar of Dithmenos.
  3475 | D:4      | Found a glowing golden altar of the Shining One.
  3546 | D:4      | Noticed an ogre
  3559 | D:4      | Killed an ogre
  3992 | D:5      | Entered Level 5 of the Dungeon
  4059 | D:5      | Noticed SaintRoka's ghost (amateur HEGl)
  4079 | D:5      | Noticed Pikel
  4103 | D:5      | Killed Pikel
  4103 | D:5      | Reached skill level 5 in Conjurations
  4103 | D:5      | Reached skill level 7 in Ice Magic
  4103 | D:5      | Reached XP level 7. HP: 34/41 MP: 1/10
  4103 | D:5      | Reached XP level 8. HP: 38/46 MP: 1/11
  4609 | D:6      | Reached skill level 8 in Ice Magic
  5357 | D:5      | Found a staircase to the Ecumenical Temple.
  5382 | Temple   | Entered the Ecumenical Temple
  5427 | Temple   | Became a worshipper of Vehumet
  5498 | D:5      | Found Osoybiets's Weapon Shoppe.
  6068 | D:6      | Noticed Grinder
  6472 | D:6      | Reached skill level 9 in Ice Magic
  6472 | D:6      | Reached XP level 9. HP: 51/51 MP: 4/12
  6595 | D:6      | Killed Grinder
  7714 | D:6      | Reached * piety under Vehumet
  7714 | D:6      | Offered knowledge of Sting by Vehumet.
  8436 | D:7      | Reached skill level 10 in Ice Magic
  8968 | D:8      | Noticed Gastronok
  8981 | D:8      | Slain by Gastronok

Action                   |  1- 3 |  4- 6 |  7- 9 || total
-------------------------+-------+-------+-------++-------
Melee: Unarmed           |    49 |    50 |       ||    99
       Quarterstaff      |       |    20 |   123 ||   143
 Cast: Freeze            |    41 |    59 |    82 ||   182
       Ozocubu's Armour  |       |     2 |     1 ||     3
       Throw Icicle      |       |     1 |    19 ||    20
Evoke: Wand              |       |       |     2 ||     2
  Use: Potion            |       |       |     6 ||     6
       Scroll            |       |       |    13 ||    13
 Stab: Sleeping          |     3 |     8 |    12 ||    23
  Eat: Chunk             |     3 |     8 |    10 ||    21
       Beef jerky        |       |       |     2 ||     2
       Pizza             |       |       |     1 ||     1
       Meat ration       |       |       |     1 ||     1
